 Dungeon Crawl Stone Soup version 0.31-a0-263-ge8cad7f256 (webtiles) character file.

Game seed: 16345204585004182937

103 qw the Shooter (level 4, -1/26 HPs)
             Began as a Gargoyle Hexslinger on July 13, 2023.
             Frozen to death by an endoplasm (4 damage)
             ... on level 3 of the Dungeon.
             The game lasted 00:00:42 (1555 turns).

qw the Shooter (Gargoyle Hexslinger)                Turns: 1555, Time: 00:00:42

Health: -1/26      AC:  6    Str: 18    XL:     4   Next: 79%
Magic:  5/5        EV: 11    Int: 13    God:
Gold:   5          SH:  0    Dex: 14    Spells: 4/5 levels left

rFire   . . .        Y - +2 sling
rCold   . . .        (no shield)
rNeg    + . .        d - +0 leather armour
rPois   inf          (no helmet)
rElec   +            (no cloak)
rCorr   .            (no gloves)
SInv    .            (no boots)
Will    +....        (no amulet)
Stlth   +            a - +6 ring of strength
HPRegen 0.24/turn    (no ring)
MPRegen 0.09/turn

%: no passive effects
@: enlightened
A: sickness immunity, AC +3, negative energy resistance 1, electricity
resistance, torment resistance 1, petrification resistance
a: no special abilities


You were on level 3 of the Dungeon.
You visited 1 branch of the dungeon, and saw 4 of its levels.

You collected 48 gold pieces.
You spent 43 gold pieces at shops.


Innate Abilities, Weirdness & Mutations

You are immune to sickness and miasma.
Your stone body is resilient. (AC +3)
You are immune to poison.
You resist negative energy. (rN+)
You are resistant to electric shocks. (rElec)
You are resistant to unholy torment.
You are immune to petrification.


   Skills:
 - Level 2.0 Fighting
 + Level 4.5 Ranged Weapons
 - Level 1.5 Dodging
 - Level 1.0 Spellcasting
 - Level 2.6 Hexes


You had 4 spell levels left.
You knew the following spells:

 Your Spells              Type           Power      Damage    Failure   Level
a - Slow                  Hex            28%        N/A       11%         1

Your spell library contained the following spells:

 Spells                   Type           Power      Damage    Failure   Level
 Inner Flame              Hex/Fire       4%         N/A       50%         3
 Portal Projectile        Hex/Tloc       8%         N/A       50%         3
 Cause Fear               Hex            3%         N/A       73%         4

Inventory:

Hand Weapons
 Y - a +2 sling (weapon)
Armour
 d - a +0 leather armour (worn)
Jewellery
 a - a +6 ring of strength (left hand)
Scrolls
 c - a scroll of identify
Potions
 e - a potion of lignification {unknown}
 g - a potion of mutation {unknown}
 h - a potion of enlightenment
 l - a potion of attraction {unknown}
 m - a potion of might {unknown}

Dungeon Overview and Level Annotations

Branches:
Dungeon (4/15)
 Temple: D:4-7

Altars:

Shops:
D:2 [(*(


Message History

The gnoll hits you with a +0 flail!
You shoot a sling bullet. The sling bullet hits the gnoll.
The gnoll is heavily wounded.
The gnoll hits you but does no damage. The gnoll barely misses you.
You shoot a sling bullet. The sling bullet hits the gnoll!
The gnoll is almost dead.
The gnoll barely misses you. The gnoll misses you.
You shoot a sling bullet. The sling bullet hits the gnoll.
You kill the gnoll!
You are starting to lose your buoyancy.
The gnoll hits you with a +0 whip. The goblin hits you with a +0 club.
You shoot a sling bullet. The sling bullet hits the gnoll.
The gnoll is moderately wounded.
The gnoll barely misses you. The goblin hits you but does no damage.
You shoot a sling bullet.
The sling bullet barely misses the gnoll.
The gnoll closely misses you. The goblin hits you with a +0 club.
The gnoll closely misses you. The goblin barely misses you.
The gnoll closely misses you. The gnoll hits you but does no damage.
You shoot a sling bullet.
The sling bullet closely misses the gnoll.
The gnoll hits you but does no damage. The endoplasm freezes you.
You are frozen.
The gnoll hits you but does no damage. The goblin hits you but does no damage.
You shoot a sling bullet.
The sling bullet hits the gnoll but does no damage.
The gnoll is moderately wounded.
The gnoll barely misses you. The goblin hits you with a +0 club.
The endoplasm barely misses you. The gnoll hits you but does no damage.
You shoot a sling bullet. The sling bullet hits the gnoll.
The gnoll is heavily wounded.
The gnoll closely misses you. The endoplasm hits you.
The goblin barely misses you. The gnoll hits you with a +0 whip.
You shoot a sling bullet.
The sling bullet barely misses the gnoll.
You float gracefully downwards.
The gnoll hits you but does no damage. The endoplasm freezes you.
You are frozen.
You die...

#..........
##.........#
.....#....#
##..........
#...........
.###...........
......gJ.......
#..g@.......
......g.)##....
.......>... .
.###.####### #.
#


You could see 2 gnolls, an endoplasm and a goblin.

Vanquished Creatures
  An iguana (D:4)
  2 gnolls
  4 dart slugs
  3 ball pythons
  A bat (D:1)
  4 endoplasms
  3 giant cockroaches
  7 goblins
  4 hobgoblins
  5 kobolds
  2 quokkas (D:1)
  4 frilled lizards (D:1)
  8 rats
48 creatures vanquished.

Notes
Turn   | Place    | Note
-------+----------+-------------------------------------------
     0 | D:1      | qw the Gargoyle Hexslinger began the quest for the Orb.
     0 | D:1      | Reached XP level 1. HP: 12/12 MP: 2/2
     0 | D:1      | 0 ||| qw: Version: 0.3-a-52-g30416fa
     0 | D:1      | 0 ||| qw: Game counter: 7278
     0 | D:1      | 0 ||| qw: Melee chars always use a shield: true
     0 | D:1      | 0 ||| qw: God list: Okawaru
     0 | D:1      | 0 ||| qw: Allow faded altars: false
     0 | D:1      | 0 ||| qw: Do Orc after clearing Dungeon:15 true
     0 | D:1      | 0 ||| qw: Do second Lair branch before Depths: true
     0 | D:1      | 0 ||| qw: Lair rune preference: random
     0 | D:1      | 0 ||| qw: Goals: Normal
     0 | D:1      | 0 ||| PLANNING D:1-11
    28 | D:1      | Reached XP level 2. HP: 16/16 MP: 3/3
   103 | D:1      | Reached skill level 3 in Ranged Weapons
   260 | D:1      | Reached XP level 3. HP: 21/21 MP: 4/4
   934 | D:1      | 934 ||| UPGRADING to +0 leather armour.
   944 | D:1      | 944 ||| DROPPING +0 robe.
   945 | D:1      | 945 ||| READING 3 scrolls labelled FYNKEF VUSO.
   946 | D:1      | 946 ||| READING scroll labelled DOYGEEDITYH.
   947 | D:1      | 947 ||| DRINKING 2 bubbling amethyst potions.
   948 | D:1      | 948 ||| DROPPING 2 scrolls of immolation.
   949 | D:1      | 949 ||| DROPPING scroll of poison.
   950 | D:1      | 950 ||| DROPPING potion of magic.
   983 | D:2      | Found Sagh's Armour Emporium.
  1013 | D:2      | 1013 ||| SHOPLISTING +0 helmet (63 gold, have 31).
  1013 | D:2      | 1013 ||| SHOPLISTING +0 pair of gloves (63 gold, have 31).
  1013 | D:2      | 1013 ||| SHOPLISTING +0 pair of gloves of hurling (161
                  | gold, have 31).
  1013 | D:2      | 1013 ||| SHOPLISTING +0 ring mail (56 gold, have 31).
  1013 | D:2      | 1013 ||| SHOPLISTING +2 robe (177 gold, have 31).
  1084 | D:2      | Found Umimel's Antique Weapon Boutique.
  1093 | D:2      | 1093 ||| SHOPLISTING shortbow (78 gold, have 39).
  1115 | D:2      | Reached XP level 4. HP: 18/26 MP: 5/5
  1115 | D:2      | 1115 ||| FLEEEEING.
  1374 | D:2      | Found Geickiel's Assorted Antiques.
  1386 | D:2      | 1386 ||| SHOPLISTING dented zirconium amulet (75 gold, have
                  | 48).
  1386 | D:2      | 1386 ||| SHOPLISTING encrusted orcbow (127 gold, have 48).
  1386 | D:2      | 1386 ||| BUYING glowing brown potion (13 gold).
  1386 | D:2      | Bought a glowing brown potion for 13 gold pieces
  1386 | D:2      | 1386 ||| BUYING scroll labelled LALAAHUIZU (15 gold).
  1386 | D:2      | Bought a scroll labelled LALAAHUIZU for 15 gold pieces
  1386 | D:2      | 1386 ||| BUYING scroll labelled USOARA MAEFUSH (15 gold).
  1386 | D:2      | Bought a scroll labelled USOARA MAEFUSH for 15 gold pieces
  1413 | D:2      | Found Xavvad's Antique Weapon Boutique.
  1417 | D:2      | Reached skill level 4 in Ranged Weapons
  1434 | D:2      | You fall into a shaft and drop 2 floors!
  1437 | D:4      | 1437 ||| UPGRADING to +6 ring of strength.
  1438 | D:4      | 1438 ||| DROPPING +6 ring of intelligence.
  1439 | D:4      | 1439 ||| READING 2 scrolls labelled ENIBENEO SICET.
  1440 | D:4      | 1440 ||| READING scroll labelled KOLUAF RIUBA.
  1441 | D:4      | 1441 ||| READING scroll labelled LALAAHUIZU.
  1441 | D:4      | 1441 ||| ACQUIRING amulet of Boejize {Spirit Str+5}
  1441 | D:4      | Acquired the amulet of Boejize {Spirit Str+5}
  1442 | D:4      | 1442 ||| READING scroll labelled USOARA MAEFUSH.
  1534 | D:4      | 1534 ||| READING scroll labelled ACUCU QUHES KEEPS.
  1535 | D:4      | 1535 ||| DRINKING 2 blue potions.
  1544 | D:4      | 1544 ||| STAIRDANCE
  1554 | D:3      | HP: 3/26 [gnoll/+0 whip (5)]
  1555 | D:3      | Frozen to death by an endoplasm

Levels and vault maps discovered:
D:1:      dpeg_arrival_connections, layout_loops_corners,
          hangedman_decor_slide_cut, minmay_strange_pillars
D:2:      layout_basic, serial_shops, shop_fountains, shop,
          nicolae_shop_temple_entry_statues_fountains, shop
D:3:      lemuel_castle_with_subvaults [lemuel_castle_interior_carwin_1],
          layout_rooms, uniq_sigmund, uniq_pargi, uniq_natasha, uniq_grinder
D:4:      layout_loops_ring, ashenzari_altar_1, grunt_ministairs_2

Skill      XL: |  1  2  3  4 |
---------------+-------------+-----
Ranged Weapons | 3 4 |  4.5
Fighting       | 2 |  2.0
Dodging        | |  1.5
Spellcasting   | |  1.0
Hexes          | |  2.6

Action                     |  1- 3 |  4- 6 || total
---------------------------+-------+-------++-------
   Fire: Sling             |   124 |    41 ||   165
    Use: Scroll            |     2 |     5 ||     7
         Potion            |     1 |     1 ||     2
 Armour: Robe              |    11 |       ||    11
         Leather armour    |     5 |    10 ||    15
  Dodge: Dodged            |    45 |    24 ||    69

Table legend:
 A = Non-vault XP
 B = Vault XP
 C = Vault XP percentage of total XP
 D = Non-vault monster count
 E = Vault monster count
 F = Vault count percentage of total count
                 A         B        C        D         E       F
            +---------+---------+-------+---------+---------+-------
      Total |     148 |       0 |   0.0 |      48 |       0 |   0.0
            +---------+---------+-------+---------+---------+-------
        D:1 |      60 |       0 |   0.0 |      27 |       0 |   0.0
        D:2 |      35 |       0 |   0.0 |      18 |       0 |   0.0
        D:3 |      15 |       0 |   0.0 |       1 |       0 |   0.0
        D:4 |      38 |       0 |   0.0 |       2 |       0 |   0.0
            +---------+---------+-------+---------+---------+-------
